Map: Ruins of Endion

Players

Miszu - Winner!

  • Race: Terran Terran
  • League: Master

GoodNeighbor

  • Race: Terran Terran
  • League: Master

VOD

Have the link to the VOD?

Description

Time

  • Played on: June 27, 2016, 3:38 p.m.
  • Length: 4:44
Show
View Real Time Build Order
Export as new Build Order

Miszu Terran - Winner!

Build Orders: Liberator Opening 

Get SALT Encoding   

  12  0:01  SCV  
  13  0:13  SCV  
  14  0:18  Supply Depot  
  14  0:25  SCV  
  14  0:27  Refinery  
  15  0:39  SCV  
  16  0:46  Barracks  
  16  0:51  SCV  
  17  0:58  Refinery  
  17  1:03  SCV  
  18  1:16  SCV  
  19  1:28  SCV  
  20  1:34  Factory  
  20  1:35  Reaper  
  21  1:40  Orbital Command  
  21  1:50  Supply Depot  
  21  2:07  Bunker, Reaper  
  21  2:16  Bunker  
  18  2:31  SCV  
  19  2:39  Reaper  
  19  2:42  Hellion  
  22  2:59  SCV  
  22  3:02  Supply Depot  
  22  3:03  Hellion  
  25  3:15  Reaper  
  25  3:18  SCV  
  27  3:20  Starport  
  27  3:25  Hellion  
  29  3:33  SCV  
  30  3:41  Liberator  
  30  3:45  SCV  
  30  3:47  Reaper  
  32  3:52  Hellion  
  34  3:58  SCV  
  39  4:25  Supply Depot  
Show
View Real Time Build Order
Export as new Build Order

GoodNeighbor Terran 

Build Orders:  

Get SALT Encoding   

  12  0:00  SCV  
  13  0:13  Supply Depot  
  13  0:36  Barracks  
  13  0:46  Barracks  
  13  1:05  Barracks  
  13  1:07  SCV  
  14  1:22  Marine  
  15  1:28  Barracks  
  15  1:33  Marine  
  16  1:41  Marine  
  17  1:51  Marine  
  18  2:03  Supply Depot  
  18  2:08  Marine x2  
  16  2:25  Marine x2  
  16  2:26  Marine x2  
  19  2:42  Marine  
  19  2:43  Marine x2  
  22  2:46  Marine  
  22  3:00  Marine x2  
  22  3:01  Marine  
  22  3:04  Marine  
  26  3:18  Marine x2  
  26  3:19  Marine  
  29  3:29  Supply Depot  
  29  3:30  Marine  
  30  3:36  Marine  
  31  3:51  Marine x3  
  34  4:01  Marine  
  35  4:08  Marine  
  35  4:09  Marine  
  36  4:10  Marine  
  37  4:19  Marine  
Tags
 
Add a new tag
Caveats
  • Supply blocks, unpowered buildings, or Contaminate may cause inaccurate times.
  • Supply counts are checked every 10 seconds.